 Dungeon Crawl Stone Soup version 0.18-a0-1180-g64ccc1e (webtiles) character file.

57 inmateoo the Charmwright (level 3, -5/27 HPs)
             Began as a High Elf Skald on Jan 27, 2016.
             Slain by a gnoll
             ... wielding a +0 halberd
              (13 damage)
             ... on level 2 of the Dungeon.
             The game lasted 00:02:32 (2036 turns).

inmateoo the Charmwright (High Elf Skald)           Turns: 2036, Time: 00:02:32

Health: -5/27      AC:  6    Str: 11    XL:     3   Next: 73%
Magic:  0/8        EV: 11    Int: 16    God:
Gold:   73         SH:  0    Dex: 15    Spells: 3 memorised, 2 levels left

rFire  . . .     SeeInvis .     a - +0 falchion
rCold  . . .     Gourm    .     b - +0 leather armour
rNeg   . . .     Faith    .     (no shield)
rPois  .         Spirit   .     (no helmet)
rElec  .         Dismiss  .     e - +0 cloak
rCorr  .         Reflect  .     (no gloves)
SustAt .         Harm     .     g - +1 pair of boots
MR     .....                    (no amulet)
Stlth  +.........               (no ring)
                                (no ring)

@: shrouded (expiring), infused, singing, not resistant to hostile enchantments,
very unstealthy
A: robust 1
a: Stop Singing


You were on level 2 of the Dungeon.
You were hungry.

You visited 1 branch of the dungeon, and saw 2 of its levels.

You collected 73 gold pieces.

Inventory:

Hand Weapons
 a - a +0 falchion (weapon)
Missiles
 l - 2 throwing nets (quivered)
Armour
 b - a +0 leather armour (worn)
 e - a +0 cloak (worn)
 g - a +1 pair of boots (worn)
Scrolls
 h - a scroll of teleportation {unknown}
 k - a scroll of magic mapping {unknown}
Potions
 j - a potion of might {unknown}
Books
 c - a book of Battle

   Spells                             Type                      Level
   a - Infusion                       Charms                       1
   b - Shroud of Golubria             Charms/Translocation         2
   c - Song of Slaying                Charms                       2
   d - Spectral Weapon                Hexes/Charms                 3
   e - Regeneration                   Charms/Necromancy            3
Comestibles
 d - 2 bread rations
 f - 3 fruits
 i - 2 meat rations


   Skills:
 + Level 2.6 Fighting
 * Level 3.1 Long Blades
 + Level 1.4 Armour
 + Level 1.4 Dodging
 + Level 2.9 Spellcasting
 + Level 4.0 Charms


You had 2 spell levels left.
You knew the following spells:

 Your Spells              Type           Power        Failure   Level  Hunger
a - Infusion              Chrm           ###.         6%          1    #......
b - Song of Slaying       Chrm           ###.....     10%         2    ##.....
c - Shroud of Golubria    Chrm/Tloc      #.........   17%         2    ##.....


Dungeon Overview and Level Annotations

Branches:
Dungeon (2/15)

Altars:
Trog


Innate Abilities, Weirdness & Mutations

You are robust (+10% HP).


Message History

Your shroud begins to fray at the edges.
The gnoll hits you with a spear!
You hit the gnoll.
The gnoll is moderately wounded.
The gnoll closely misses you. The gnoll barely misses you.
You closely miss the gnoll.
The gnoll is moderately wounded.
The gnoll barely misses you. The gnoll misses you.
You hit the gnoll.
The gnoll is heavily wounded.
The gnoll closely misses you.
You hit the gnoll!
You kill the gnoll!
Your Long Blades skill increases to level 3!
The gnoll hits you from afar with a halberd!
* * * LOW HITPOINT WARNING * * *
You slash the gnoll!
The gnoll is severely wounded.
The gnoll hits you from afar with a halberd!
You die...

# ##...## #.#
#.#### #
##.########.#
#.....
#####...........#
######
.......##########
######.# #.# #.#
#.# ##### #.#
##g.@##
#.######.###g# #
#.#......# #.#
#...##.#.####.###.#
.........# ##†..##
.........# ##.##
........## #g#
#...##.## #.# ####
#.# #g#


You could see 2 gnolls.

Vanquished Creatures
  A gnoll (D:2)
  An adder (D:2)
  2 worms (D:2)
  A giant cockroach (D:2)
  6 hobgoblins
  2 jackals (D:1)
  5 bats
  2 giant newts
  3 goblins (D:2)
  3 kobolds
  7 rats
33 creatures vanquished.

Notes
Turn   | Place    | Note
--------------------------------------------------------------
     0 | D:1      | inmateoo the High Elf Skald began the quest for the Orb.
     0 | D:1      | Reached XP level 1. HP: 14/14 MP: 4/4
    36 | D:1      | Reached skill level 1 in Armour
   501 | D:1      | Reached XP level 2. HP: 19/19 MP: 6/6
   952 | D:1      | Gained mutation: You are robust (+10% HP). [potion of beneficial mutation]
  1297 | D:2      | Found a bloodstained altar of Trog.
  1359 | D:2      | Learned a level 2 spell: Song of Slaying
  1362 | D:2      | Learned a level 2 spell: Shroud of Golubria
  1524 | D:2      | Reached skill level 4 in Charms
  1524 | D:2      | Reached XP level 3. HP: 4/27 MP: 8/8
  2036 | D:2      | Slain by a gnoll

Vault maps used:
D:1:      dpeg_arrival_tiny_a, minmay_misc_feat_ornament
D:2:      ecumenical_altar_2, trog_hazing_becter

Action                   || total
-------------------------++-------
Melee: Falchion          ||   135
 Cast: Infusion          ||     5
       Shroud of Golubri ||     1
       Song of Slaying   ||     1
  Use: Scroll            ||     4
       Potion            ||     1
 Stab: Sleeping          ||     1
       Distracted        ||     1
  Eat: Chunk             ||     3
